 Dungeon Crawl Stone Soup version 0.30-a0-475-g03497ec522 (webtiles) character file.

Game seed: 2020507201841404010

21 vineage the Trooper (level 2, -1/33 HPs)
             Began as an Ogre Fighter on Dec 20, 2022.
             Slain by Jessica
             ... wielding a +0 dagger
              (6 damage)
             ... on level 2 of the Dungeon.
             The game lasted 00:00:39 (955 turns).

vineage the Trooper (Ogre Fighter)                   Turns: 955, Time: 00:00:40

Health: -1/33      AC:  3    Str: 19    XL:     2   Next: 83%
Magic:  2/2        EV:  8    Int:  9    God:
Gold:   57         SH:  7    Dex:  8    Spells: 1/1 levels left

rFire   . . .      SeeInvis .    a - +0 flail
rCold   . . .      Faith    .    c - +0 kite shield
rNeg    . . .      Spirit   .    b - +0 robe
rPois   .          Reflect  .    (helmet restricted)
rElec   .          Harm     .    (no cloak)
rCorr   .          Rampage  .    (gloves unavailable)
Will    .....                    (boots unavailable)
Stlth   +.........               (no amulet)
HPRegen 0.25/turn                (no ring)
MPRegen 0.08/turn                (no ring)

@: mighty, slowed, very slow
A: large, unfitting armour, tough skin 1
a: no special abilities


You were on level 2 of the Dungeon.
You visited 1 branch of the dungeon, and saw 2 of its levels.

You collected 57 gold pieces.

Inventory:

Hand Weapons
 a - a +0 flail (weapon)
Armour
 b - a +0 robe (worn)
 c - a +0 kite shield (worn)
Scrolls
 e - a scroll of fear {unknown}
Potions
 d - a potion of might


   Skills:
 * Level 4.4 Fighting
 * Level 2.2 Maces & Flails
 + Level 2.8 Dodging
 + Level 3.2 Shields


You had one spell level left.
You didn't know any spells.
Your spell library was empty.

Dungeon Overview and Level Annotations

Branches:
Dungeon (2/15)

Altars:

Shops:
D:1 (

Annotations:
D:2 Jessica


Innate Abilities, Weirdness & Mutations

You are too large for most types of armour.
You have tough skin. (AC +1)


Message History

Pain shoots through your body!
You hit the hobgoblin but do no damage. You block the hobgoblin's attack.
You block Jessica's attack.
You hit Jessica but do no damage. Jessica gestures at you while chanting.
You feel yourself slow down. The hobgoblin hits you.
Jessica hits you with a +0 dagger.
The hobgoblin hits you but does no damage.
You are too injured to fight recklessly!
You are too injured to fight recklessly!
You are too injured to fight recklessly!
You are too injured to fight recklessly!
You are too injured to fight recklessly!
You are too injured to fight recklessly!
You are too injured to fight recklessly!
You are too injured to fight recklessly!
You are too injured to fight recklessly!
You are too injured to fight recklessly!
You are too injured to fight recklessly!
You are too injured to fight recklessly!
You are too injured to fight recklessly!
You are too injured to fight recklessly!
You are too injured to fight recklessly!
You are too injured to fight recklessly!
You are too injured to fight recklessly!
The hobgoblin attacks as you move away! You block the hobgoblin's attack.
Jessica attacks as you move away! You block Jessica's attack.
Jessica hits you with a +0 dagger.
There is an open door here.
Jessica attacks as you move away! Jessica hits you with a +0 dagger.
You block Jessica's attack.
You feel very mighty all of a sudden. Jessica closely misses you.
Jessica zaps a wand.
You block the puff of flame.
Jessica zaps a wand.
The puff of flame misses you.
You hit Jessica.
Jessica is lightly wounded.
Jessica zaps a wand.
The puff of flame hits you!
* * * LOW HITPOINT WARNING * * *
Jessica hits you with a +0 dagger.
You die...

#....?..
#......#
########
#......#
#.....<#
#.....$#
#.##.#.#
#......#
#.##...#
#......#
#.######
#......# #.#
#......###.#
#.....g@@..#
#......#####
#......#
#......#
########


You could see Jessica (fast) and a hobgoblin.

Vanquished Creatures
  A dart slug (D:1)
  A ball python (D:1)
  3 endoplasms (D:1)
  A giant cockroach (D:1)
  2 goblins (D:1)
  A quokka (D:1)
  3 bats (D:1)
  2 frilled lizards (D:1)
  3 kobolds (D:1)
  2 rats (D:1)
19 creatures vanquished.

Notes
Turn   | Place    | Note
-------+----------+-------------------------------------------
     0 | D:1      | vineage the Ogre Fighter began the quest for the Orb.
     0 | D:1      | Reached XP level 1. HP: 24/24 MP: 1/1
    41 | D:1      | Found Vakoc's Weapon Emporium.
   153 | D:1      | Reached XP level 2. HP: 32/32 MP: 2/2
   947 | D:2      | Noticed Jessica
   955 | D:2      | Slain by Jessica

Illustrated notes

Levels and vault maps discovered:
D:1:      erik_arrival_orb_chamber, layout_loops_corners, serial_shops,
          nicolae_shop_bloodbath_and_beyond, kennysheep_doodads
D:2:      layout_basic, basic_altar, uniq_jessica

Skill      XL: |  1 |
---------------+----+-----
Maces & Flails | 2 |  2.2
Fighting       | |  4.4
Dodging        | |  2.8
Shields        | |  3.2

Action                   || total
-------------------------++-------
Melee: Flail             ||    66
  Use: Potion            ||     1
Armor: Robe              ||    29
Dodge: Dodged            ||    25
Block: Kite shield       ||    27

Table legend: (Time is in decaauts)
 A = Elapsed time spent in this place.
 B = Non-inter-level travel time spent in this place.
 C = Inter-level travel time spent in this place.
 D = Time resting spent in this place.
 E = Time spent auto-exploring this place.
 F = Levels seen in this place.
 G = Mean time per level.
                   A        B        C        D        E       F      G
               +--------+--------+--------+--------+--------+-----+--------+
         Total |    984 |    941 |     43 |      0 |    776 |   2 |  492.0 |
       Dungeon |    984 |    941 |     43 |      0 |    776 |   2 |  492.0 |
               +--------+--------+--------+--------+--------+-----+--------+

Top non-repeatable levels by time:
     D:1: 957 daAuts
     D:2: 26 daAuts
